[Event "Titled Tuesday Blitz July 26 Late 2022"]
[White "Sarana, Alexey"]
[Black "Weetik, Vjacheslav"]
[WhiteFideId "24133795"]
[BlackFideId "4153472"]
[WhiteElo "2666"]
[BlackElo "2469"]
[Result "1/2-1/2"]
[Round "06"]
[TimeControl "180+1"]
[Date "2022.07.26"]
[WhiteClock "0:00:03"]
[BlackClock "0:00:08"]

1. c4 e6 2. Nc3 d5 3. d4 Nf6 4. cxd5 exd5 5. Bg5 c6 6. e3 Be7 7. Bd3 Nbd7 8. Nf3 O-O 9. O-O Re8 10. Qc2 Nf8 11. Ne5 N6d7 12. Bxe7 Qxe7 13. f4 f6 14. Ng4 Nb6 15. f5 h5 16. Nf2 Qxe3 17. Rae1 Qxe1 18. Rxe1 Rxe1+ 19. Bf1 Bd7 20. b3 Rae8 21. g3 Nc8 22. Kg2 Nd6 23. Bd3 R1e3 24. Ncd1 Rxd3 25. Qxd3 Bxf5 26. Qd2 Ne6 27. Qb4 Nb5 28. a4 a5 29. Qxa5 Nbxd4 30. Qb6 Re7 31. a5 g5 32. Qb4 Kf7 33. h3 Nb5 34. Ne3 Bg6 35. Nxd5 cxd5 36. Qxb5 d4 37. Qc4 Rc7 38. Qd5 Ke7 39. Qb5 Rd7 40. Nd3 Be4+ 41. Kf2 Bc6 42. Qb4+ Kf7 43. Qc4 Bd5 44. Qb5 Bc6 45. Qf5 Ke7 46. b4 Bd5 47. b5 Bc4 48. Nb2 Bd5 49. b6 Kd6 50. Qxf6 Re7 51. Nd3 Bc4 52. Qe5+ Kd7 53. Nc5+ Nxc5 54. Qxd4+ Kc6 55. Qxc4 Re4 56. Qf7 g4 57. hxg4 hxg4 58. Qg6+ Kb5 59. Qf5 Ra4 60. Qd5 Ra3 61. Kf1 Ra1+ 62. Ke2 Ra4 63. Qf7 Rxa5 64. Qc7 Ra4 65. Ke3 Rc4 66. Qb8 Re4+ 67. Kd2 Kxb6 68. Qd6+ Kb5 69. Qb8 Rc4 70. Qe8+ Kb4 71. Qe7 b5 72. Qg7 Ne4+ 73. Kd3 Nc5+ 74. Kd2 Nb3+ 75. Kd3 Rd4+ 76. Ke2 Kc4 77. Qf7+ Kc3 78. Qc7+ Kb2 79. Qe5 b4 80. Ke3 Kc2 81. Qf5+ Kc3 82. Qf6 Kc2 83. Qg6+ Kb2 84. Qg7 Ka3 85. Qa7+ Kb2 86. Qg7 Kb1 87. Qh7+ Kc1 88. Qc7+ Kb2 89. Qg7 1/2-1/2


[Site "https://www.chess.com"]

[Event "Titled Tuesday Blitz July 26 Late 2022"]
[White "Schwabeneder, Florian"]
[Black "Rustemov, Alexander"]
[WhiteFideId "1626191"]
[BlackFideId "4119002"]
[WhiteElo "2275"]
[BlackElo "2806"]
[Result "0-1"]
[Round "06"]
[TimeControl "180+1"]
[Date "2022.07.26"]
[WhiteClock "0:00:05"]
[BlackClock "0:00:05"]

1. Nf3 d5 2. d4 Nf6 3. c4 dxc4 4. e3 e6 5. Bxc4 a6 6. O-O c5 7. dxc5 Qxd1 8. Rxd1 Bxc5 9. Be2 Bd7 10. Nbd2 Bb5 11. Nc4 Nc6 12. b3 Ke7 13. Bb2 Rhd8 14. Kf1 Ne8 15. Nfd2 Nf6 16. Rac1 Rac8 17. a4 Bxc4 18. Nxc4 Rxd1+ 19. Rxd1 Ne8 20. Bf3 f6 21. Ke2 Nd6 22. Nxd6 Bxd6 23. Rc1 Kd7 24. Kd1 Na5 25. Rxc8 Kxc8 26. Kc2 Kd7 27. Be4 f5 28. Bf3 g6 29. h3 Nc6 30. g4 b6 31. Bc3 Nb4+ 32. Kd2 Nd5 33. Bd4 Kc6 34. Be2 b5 35. axb5+ axb5 36. Bf3 e5 37. Bb2 Bb4+ 38. Kd1 e4 39. Be2 Bc3 40. Ba3 b4 41. Bc1 Bf6 42. Bc4 Nc3+ 43. Ke1 Kd6 44. gxf5 gxf5 45. Bg8 h6 46. Bd2 Ke5 47. Bc4 Bg5 48. Kf1 f4 49. exf4+ Bxf4 50. Be1 Kd4 51. Kg2 Bc1 52. h4 Ke5 53. Kh3 Kf4 54. Kg2 Kf5 55. f3 e3 56. Bd3+ Ke5 57. Bg3+ Kd4 58. Bc4 Bd2 59. Kf1 Kc5 60. Bf4 e2+ 61. Bxe2 Bxf4 62. Bc4 Kd4 63. Kg2 Ke3 64. Kh3 Kxf3 65. h5 Bg5 66. Be6 Ke3 67. Kg4 Ke4 68. Bc4 Ke5 69. Kf3 Ne4 70. Bd3 Nf6 71. Bg6 Kd4 72. Ke2 Kc3 73. Bf7 Ne4 74. Kf3 Nc5 75. Bg8 Nxb3 76. Ke4 Nd2+ 0-1


[Site "https://www.chess.com"]

[Event "Titled Tuesday Blitz July 26 Late 2022"]
[White "Shohat, Yotam"]
[Black "Sarkar, Justin"]
[WhiteFideId "2813955"]
[BlackFideId "2010011"]
[WhiteElo "2119"]
[BlackElo "2006"]
[Result "1/2-1/2"]
[Round "06"]
[TimeControl "180+1"]
[Date "2022.07.27"]
[WhiteClock "0:00:06"]
[BlackClock "0:00:03"]

1. c4 e5 2. Nc3 Bb4 3. g3 Bxc3 4. dxc3 d6 5. Bg2 Ne7 6. e4 O-O 7. Ne2 Nbc6 8. O-O f5 9. exf5 Bxf5 10. h3 Qd7 11. g4 Be6 12. b3 Ng6 13. f4 exf4 14. Nxf4 Nxf4 15. Bxf4 Rf6 16. Qd3 Raf8 17. Bg3 Rxf1+ 18. Rxf1 Rxf1+ 19. Qxf1 Qe7 20. Bd5 Bxd5 21. cxd5 Ne5 22. Qe2 Qg5 23. Kg2 h6 24. c4 Kh7 25. a4 Ng6 26. a5 Nf4+ 27. Bxf4 Qxf4 28. Qd3+ g6 29. b4 Kg7 30. b5 Qe5 31. Kf3 h5 32. gxh5 gxh5 33. Kg2 h4 34. Qf3 Qb2+ 35. Qf2 Qc3 36. Qxh4 Qd2+ 37. Kf3 Qd3+ 38. Kg4 Qxc4+ 39. Kg3 Qxd5 40. Qg4+ Kf7 41. Qd7+ Kf6 42. Qxc7 Qd3+ 43. Kg2 Qe2+ 44. Kg3 Qe3+ 45. Kg2 Qe2+ 46. Kg1 Qe1+ 47. Kg2 Qe2+ 1/2-1/2


[Site "https://www.chess.com"]

[Event "Titled Tuesday Blitz July 26 Late 2022"]
[White "Sibilio, Mario"]
[Black "Jian, Alex"]
[WhiteFideId "800422"]
[BlackFideId "30901022"]
[WhiteElo "2296"]
[BlackElo "2095"]
[Result "1-0"]
[Round "06"]
[TimeControl "180+1"]
[Date "2022.07.27"]
[WhiteClock "0:00:05"]
[BlackClock "0:00:09"]

1. Nf3 d5 2. d3 Nf6 3. c4 d4 4. b4 a5 5. b5 c5 6. g3 Nbd7 7. Bg2 e5 8. O-O Bd6 9. Nbd2 a4 10. e3 O-O 11. Ng5 Be7 12. exd4 cxd4 13. Re1 Qc7 14. Rb1 Nc5 15. Nde4 Nfxe4 16. Nxe4 Be6 17. b6 Qb8 18. Rb5 Nd7 19. Ng5 Bxg5 20. Bxg5 f6 21. Bd2 Qc8 22. Qf3 Rb8 23. Bb4 Re8 24. Bd6 f5 25. Bxb8 e4 26. dxe4 Bxc4 27. Rxf5 Qxb8 28. e5 Nxe5 29. Qd1 Bd3 30. Rf4 Qd6 31. Be4 Bxe4 32. Rfxe4 d3 33. f4 Qxb6+ 34. Kg2 Qc6 35. fxe5 Rxe5 36. Qxd3 h6 37. Qd8+ Kh7 38. Qd3 Re7 39. Qf3 Rxe4 40. Qxe4+ Qg6 41. Qxg6+ Kxg6 42. Re4 b5 43. Rb4 Kf6 44. Rxb5 a3 45. Ra5 g5 46. Rxa3 Kg6 47. h3 Kh5 48. g4+ Kg6 49. Ra6+ Kg7 50. h4 gxh4 51. Kh3 Kh7 52. Kxh4 Kg7 53. Kh5 Kf7 54. Kxh6 1-0


[Site "https://www.chess.com"]

[Event "Titled Tuesday Blitz July 26 Late 2022"]
[White "Sivakumar, Shaashwath"]
[Black "Perdomo, Carlos Andres"]
[WhiteFideId "30912156"]
[BlackFideId "4400852"]
[WhiteElo "1823"]
[BlackElo "2268"]
[Result "1-0"]
[Round "06"]
[TimeControl "180+1"]
[Date "2022.07.27"]
[WhiteClock "0:00:07"]
[BlackClock "0:00:18"]

1. d4 Nf6 2. c4 e6 3. Nf3 d5 4. g3 Be7 5. Bg2 O-O 6. O-O b6 7. cxd5 Nxd5 8. e4 Nf6 9. Nc3 Bb7 10. Qc2 c5 11. dxc5 bxc5 12. Rd1 Qc8 13. Bf4 Nc6 14. a3 Rd8 15. Nb5 a6 16. Nd6 Bxd6 17. Bxd6 Nd4 18. Nxd4 Rxd6 19. e5 Rxd4 20. Rxd4 cxd4 21. Qxc8+ Rxc8 22. Bxb7 Rb8 23. Bxa6 Ng4 24. Rd1 Nxe5 25. b4 f6 26. Kf1 Ra8 27. b5 Nc4 28. a4 e5 29. Rc1 Na5 30. Rc7 Kf8 31. Ke2 h5 32. Kd3 Rd8 33. b6 Rd6 34. b7 Nxb7 35. Bxb7 Rb6 36. Bd5 Rb2 37. Rc2 Rb4 38. Ra2 Ke7 39. a5 Kd6 40. a6 Kxd5 41. a7 e4+ 42. Kd2 e3+ 43. fxe3 dxe3+ 44. Ke2 Ke5 45. a8=Q Rd4 46. Qe8+ Kf5 47. Qxe3 Re4 48. Qxe4+ Kxe4 49. Ra7 Kf5 50. Rxg7 h4 51. gxh4 Kf4 52. h5 f5 53. h6 1-0


[Site "https://www.chess.com"]

[Event "Titled Tuesday Blitz July 26 Late 2022"]
[White "Stalri"]
[Black "Estrada Nieto, Julian"]
[BlackFideId "5101018"]
[WhiteElo "2329"]
[BlackElo "2252"]
[Result "1-0"]
[Round "06"]
[TimeControl "180+1"]
[Date "2022.07.27"]
[WhiteClock "0:00:07"]
[BlackClock "0:00:04"]

1. d4 d5 2. c4 dxc4 3. e4 e5 4. Nf3 exd4 5. Bxc4 Nc6 6. O-O Be6 7. Bxe6 fxe6 8. Qb3 Qd7 9. Qxb7 Rb8 10. Qa6 Nf6 11. Nbd2 Bd6 12. Re1 Ng4 13. h3 Nge5 14. Nxe5 Nxe5 15. Nc4 O-O 16. Rb1 Nd3 17. Rf1 Nb4 18. Qa3 c5 19. Bd2 Bf4 20. Bxb4 Rxb4 21. Qd3 Qb5 22. b3 Qd7 23. g3 Bb8 24. f4 Qf7 25. Rf3 Qh5 26. Kg2 Rb7 27. Rbf1 Rbf7 28. e5 g5 29. g4 Qh4 30. f5 exf5 31. Rxf5 Rxf5 32. Rxf5 Rxf5 33. Qxf5 Qh6 34. e6 Qg6 35. Kf3 Kg7 36. Ke4 Qf6 37. a4 Bc7 38. a5 h6 39. a6 Qd8 40. Qd5 Qf6 41. Qd7+ Kg6 42. Qxc7 d3 43. Kxd3 Qd4+ 44. Kc2 Qe4+ 45. Kb2 Qg2+ 46. Ka3 Qd5 47. e7 Kf7 48. Qd6 Qe6 49. Qxe6+ Kxe6 50. e8=Q+ Kd5 51. Qe5+ Kc6 52. Qd6+ Kb5 53. Ne5 c4 54. bxc4+ Ka5 55. Nd3 h5 56. Nb4 hxg4 57. Qc7# 1-0


[Site "https://www.chess.com"]

[Event "Titled Tuesday Blitz July 26 Late 2022"]
[White "Steinberg, Nitzan"]
[Black "Vivekananthan, Anish"]
[WhiteFideId "2801795"]
[BlackFideId "2090775"]
[WhiteElo "2471"]
[BlackElo "2777"]
[Result "1/2-1/2"]
[Round "06"]
[TimeControl "180+1"]
[Date "2022.07.26"]
[WhiteClock "0:00:43"]
[BlackClock "0:01:42"]

1. e4 c6 2. Nf3 d5 3. Nc3 Bg4 4. Be2 e6 5. d4 Nf6 6. h3 Bxf3 7. Bxf3 Be7 8. O-O O-O 9. g3 dxe4 10. Nxe4 Nxe4 11. Bxe4 Nd7 12. c3 Nf6 13. Bf3 Qc7 14. Qb3 Rfd8 15. Re1 Rab8 16. Kg2 c5 17. Bf4 Bd6 18. Bg5 cxd4 19. Bxf6 gxf6 20. cxd4 Qb6 21. Qxb6 axb6 22. a4 Bb4 23. Red1 Kf8 24. Rac1 Rd7 25. Rc4 Be7 26. Rd3 Rbd8 27. b4 e5 28. g4 1/2-1/2


[Site "https://www.chess.com"]

[Event "Titled Tuesday Blitz July 26 Late 2022"]
[White "Todorovic, Bojan"]
[Black "Ozer, Omer Faruk"]
[WhiteFideId "917087"]
[BlackFideId "6354564"]
[WhiteElo "2266"]
[BlackElo "2050"]
[Result "0-1"]
[Round "06"]
[TimeControl "180+1"]
[Date "2022.07.27"]
[WhiteClock "0:00:53"]
[BlackClock "0:00:38"]

1. d4 Nf6 2. c4 b6 3. Nc3 Bb7 4. Nf3 g6 5. g3 Bxf3 6. exf3 c5 7. f4 cxd4 8. Nb5 Nc6 9. Bg2 Bg7 10. O-O O-O 11. Nxd4 Rc8 12. Nxc6 dxc6 13. Be3 c5 14. Qxd8 Rfxd8 15. Rad1 Ne8 16. b3 Nd6 17. g4 h5 18. h3 f5 19. Bd5+ Kh7 20. Be6 Rb8 21. f3 Rf8 22. Rfe1 Rf6 23. Bc1 b5 24. Bb2 Rff8 25. Bxg7 Kxg7 26. cxb5 Rxb5 27. Bd7 Rb7 28. Rxe7+ Rf7 29. Rde1 Rxd7 0-1


[Site "https://www.chess.com"]

[Event "Titled Tuesday Blitz July 26 Late 2022"]
[White "Wagner, Dennis"]
[Black "Drygalov, Andrey"]
[WhiteFideId "24650684"]
[BlackFideId "24171735"]
[WhiteElo "2355"]
[BlackElo "2531"]
[Result "0-1"]
[Round "06"]
[TimeControl "180+1"]
[Date "2022.07.26"]
[WhiteClock "0:00:02"]
[BlackClock "0:01:16"]

1. e4 e5 2. Nf3 Nc6 3. Bb5 a6 4. Ba4 Bc5 5. O-O Nge7 6. c3 O-O 7. d4 Ba7 8. Nxe5 Nxe5 9. dxe5 Ng6 10. Kh1 Nxe5 11. f4 Nc4 12. Qf3 b5 13. Bc2 Bb7 14. b3 Nd6 15. f5 f6 16. Bf4 Nf7 17. Qg3 d6 18. Nd2 Re8 19. Rae1 Re7 20. b4 Ne5 21. Bb3+ Kh8 22. Qh4 d5 23. exd5 Nd3 24. Rxe7 Qxe7 25. Rf3 Nf2+ 0-1


[Site "https://www.chess.com"]

[Event "Titled Tuesday Blitz July 26 Late 2022"]
[White "Wu, Rochelle"]
[Black "Karas, Marek"]
[WhiteFideId "30908132"]
[BlackFideId "14928558"]
[WhiteElo "2168"]
[BlackElo "2250"]
[Result "1/2-1/2"]
[Round "06"]
[TimeControl "180+1"]
[Date "2022.07.26"]
[WhiteClock "0:01:05"]
[BlackClock "0:01:04"]

1. g3 d5 2. Bg2 Nf6 3. d4 Bf5 4. Nf3 e6 5. O-O h6 6. c4 c6 7. Nc3 Be7 8. cxd5 exd5 9. Bf4 O-O 10. Qb3 Qb6 11. Nd2 Nbd7 12. a4 Qxb3 13. Nxb3 a5 14. Bc7 Bd8 15. Bd6 Re8 16. f3 Bc2 17. Nd2 Bb6 18. e4 Bxd4+ 19. Kh1 dxe4 20. Ncxe4 Nxe4 21. Nxe4 Bxe4 22. fxe4 Be5 23. Ba3 Rad8 24. Rac1 Bd4 25. Rfd1 Ne5 26. Bh3 Be3 27. Rb1 Nc4 28. Rxd8 Rxd8 29. Be7 Re8 30. Ba3 Rxe4 31. Re1 Nxa3 32. bxa3 Re5 33. Kg2 Bd4 34. Rxe5 Bxe5 35. Bc8 b5 36. axb5 cxb5 37. Bd7 b4 38. axb4 axb4 39. Ba4 Kf8 40. Bb3 Ke7 41. Kf3 f6 42. Ke4 Kd6 43. Bc4 Kc5 44. Bb3 Bc3 45. g4 Bd2 46. h3 Be1 47. Ba2 g6 48. Bf7 f5+ 49. gxf5 gxf5+ 50. Kxf5 Kd4 51. Kg6 Bd2 52. Kf5 Kc3 53. Kg4 b3 54. Bxb3 Kxb3 55. Kf3 Kc3 56. Kg2 Kd3 57. Kh1 Ke3 58. h4 Kf3 59. h5 Bf4 60. Kg1 Kg3 61. Kh1 Bg5 62. Kg1 Kh4 63. Kh1 Kxh5 64. Kg1 Kg4 65. Kh1 h5 66. Kg1 h4 67. Kh1 h3 68. Kg1 Kg3 69. Kh1 h2 1/2-1/2


[Site "https://www.chess.com"]

[Event "Titled Tuesday Blitz July 26 Late 2022"]
[White "Yedidia, Daniel"]
[Black "Bortnyk, Olexandr"]
[WhiteFideId "30905907"]
[BlackFideId "14120828"]
[WhiteElo "2543"]
[BlackElo "2723"]
[Result "0-1"]
[Round "06"]
[TimeControl "180+1"]
[Date "2022.07.26"]
[WhiteClock "0:00:04"]
[BlackClock "0:02:16"]

1. d4 d6 2. e4 Nf6 3. Nc3 Nbd7 4. Nf3 e5 5. Bc4 Be7 6. O-O c6 7. h3 Qc7 8. Be3 h6 9. a4 g5 10. Qd2 g4 11. hxg4 Nxg4 12. dxe5 dxe5 13. Ne2 Ndf6 14. Ng3 Nxe3 15. Qxe3 Ng4 16. Qb3 Bc5 17. Nh4 Rg8 18. Nhf5 Bxf5 19. Nxf5 O-O-O 20. Bxf7 Rg5 21. Qc4 Bxf2+ 22. Rxf2 Nxf2 23. Kxf2 Rd2+ 24. Kf1 Rgxg2 25. Qe6+ Qd7 26. Ne7+ Kd8 27. Qxd7+ Kxd7 28. Nf5 Rdf2+ 29. Ke1 Rxc2 30. Rd1+ Kc7 31. Kf1 Rcf2+ 32. Ke1 Rxb2 33. Kf1 Rbf2+ 34. Ke1 Rf4 35. Rd3 Rxe4+ 36. Re3 Rxe3+ 37. Nxe3 Rb2 38. Nc4 Rb4 39. Kd2 e4 40. a5 h5 41. Bxh5 Rxc4 0-1


[Site "https://www.chess.com"]

[Event "Titled Tuesday Blitz July 26 Late 2022"]
[White "Yoo, Christopher Woojin"]
[Black "Yuan, Qingyu"]
[WhiteFideId "30909694"]
[BlackFideId "8609772"]
[WhiteElo "2105"]
[BlackElo "2359"]
[Result "1-0"]
[Round "06"]
[TimeControl "180+1"]
[Date "2022.07.26"]
[WhiteClock "0:00:35"]
[BlackClock "0:00:03"]

1. e4 c6 2. d4 d5 3. Nc3 dxe4 4. Nxe4 Nf6 5. Nxf6+ exf6 6. c3 Bd6 7. Bd3 O-O 8. Qc2 Re8+ 9. Ne2 h5 10. Be3 Nd7 11. O-O-O Nf8 12. Kb1 b5 13. d5 cxd5 14. Bxb5 Re5 15. Nd4 Rb8 16. Bf4 Rxb5 17. Bxe5 Rxb2+ 18. Qxb2 fxe5 19. Nc6 Qc7 20. Nb4 d4 21. cxd4 Bf5+ 22. Ka1 exd4 23. Rxd4 Be5 24. Re1 Kh7 25. Nd5 Qd6 26. f4 Bxd4 27. Qxd4 Qa6 28. Rd1 Qe2 29. Ne3 Be6 30. Qd3+ Qxd3 31. Rxd3 Kg6 32. Rd6 Kf6 33. Ra6 Ke7 34. Rxa7+ Kf6 35. f5 Bd7 36. Ra8 Ke7 37. Nd5+ Kd6 38. Rxf8 Be6 39. fxe6 Kxd5 40. e7 1-0


[Site "https://www.chess.com"]

[Event "Titled Tuesday Blitz July 26 Late 2022"]
[White "Zong, Davis"]
[Black "Peng, David Yu"]
[WhiteFideId "30903955"]
[BlackFideId "2605376"]
[WhiteElo "2061"]
[BlackElo "2166"]
[Result "1/2-1/2"]
[Round "06"]
[TimeControl "180+1"]
[Date "2022.07.27"]
[WhiteClock "0:00:08"]
[BlackClock "0:00:10"]

1. d4 Nf6 2. c4 e6 3. Nf3 b6 4. g3 Bb7 5. Bg2 g6 6. O-O Bg7 7. Nc3 Ne4 8. Ne1 Nxc3 9. bxc3 Bxg2 10. Nxg2 O-O 11. e4 Nc6 12. Be3 Qe7 13. a4 d6 14. f4 f5 15. e5 Na5 16. Qe2 dxe5 17. fxe5 Qd7 18. Nf4 Bh6 19. h4 Bxf4 20. gxf4 Qc6 21. h5 Nxc4 22. hxg6 hxg6 23. Kf2 Kf7 24. Rh1 Rh8 25. Qf3 Qxf3+ 26. Kxf3 a6 27. Bf2 c6 28. Bh4 Nd2+ 29. Ke3 Ne4 30. c4 b5 31. axb5 axb5 32. cxb5 Rxa1 33. Rxa1 Rxh4 34. Ra7+ Ke8 35. b6 Rh3+ 36. Ke2 Rb3 37. b7 Kd8 38. Ra8+ Kc7 39. Re8 Rxb7 40. Rxe6 Rb4 41. Rxg6 Rxd4 42. Ke3 Ra4 43. Rg7+ Kd8 44. Rf7 Nc5 45. Rxf5 Ne6 46. Rf6 Ke7 47. Rh6 Rxf4 48. Rxe6+ Kxe6 49. Kxf4 c5 50. Ke4 c4 51. Kd4 c3 52. Kxc3 Kxe5 1/2-1/2


[Site "https://www.chess.com"]

[Event "Titled Tuesday Blitz July 26 Late 2022"]
[White "Aaron, Deepak"]
[Black "Przybylski, Wojciech"]
[WhiteFideId "2009412"]
[BlackFideId "1117599"]
[WhiteElo "2628"]
[BlackElo "2133"]
[Result "1-0"]
[Round "07"]
[TimeControl "180+1"]
[Date "2022.07.27"]
[WhiteClock "0:00:31"]
[BlackClock "0:00:22"]

1. e4 c5 2. Nf3 d6 3. d4 cxd4 4. Nxd4 Nf6 5. Nc3 a6 6. Bc4 e6 7. Bb3 Be7 8. f3 O-O 9. Be3 Nbd7 10. Qd2 Nc5 11. g4 Qc7 12. g5 Nfd7 13. h4 b5 14. h5 Ne5 15. O-O-O b4 16. Na4 Nxa4 17. Bxa4 Nc4 18. Qe2 Nxe3 19. Qxe3 Bb7 20. Rdg1 Qc5 21. Qd2 d5 22. e5 Qa5 23. Bb3 Qb6 24. g6 Bc5 25. gxh7+ Kxh7 26. c3 bxc3 27. Rxg7+ Kxg7 28. Qg5+ Kh7 29. Bc2+ f5 30. exf6+ 1-0


[Site "https://www.chess.com"]

[Event "Titled Tuesday Blitz July 26 Late 2022"]
[White "Ansh M Shah"]
[Black "Ernst, Sipke"]
[WhiteFideId "25033379"]
[BlackFideId "1004689"]
[WhiteElo "1819"]
[BlackElo "2436"]
[Result "0-1"]
[Round "07"]
[TimeControl "180+1"]
[Date "2022.07.26"]
[WhiteClock "0:00:04"]
[BlackClock "0:00:22"]

1. d4 d5 2. c4 e6 3. Nf3 Nf6 4. g3 dxc4 5. Bg2 c6 6. O-O b5 7. a4 Bb7 8. b3 cxb3 9. Bb2 Be7 10. Nbd2 a5 11. Nxb3 b4 12. Rc1 Nbd7 13. Nc5 Nxc5 14. dxc5 Qxd1 15. Rfxd1 Nd7 16. Bxg7 Rg8 17. Bd4 f6 18. Bh3 Nf8 19. Be3 Ba6 20. Nd4 e5 21. Nxc6 Bxe2 22. Rd2 Bg4 23. Bg2 Rc8 24. Na7 Rd8 25. Bc6+ Kf7 26. Rxd8 Bxd8 27. Nb5 Kg6 28. Nd6 Ne6 29. Bd5 Rg7 30. Be4+ f5 31. Bd5 Nc7 32. Bc4 Bf3 33. Nb5 f4 34. Bd2 Kf5 35. Bd3+ Kg4 36. Bf1 Ne6 37. h3+ Kh5 38. g4+ Kh4 39. Bg2 Ng5 40. Bxf3 Nxf3+ 41. Kg2 Nxd2 42. Nd6 f3+ 43. Kh2 Kg5 44. Rc2 Nb3 45. Ne4+ Kh6 46. Rb2 Nd4 47. Kg3 Rc7 48. Rd2 Be7 49. h4 Bxc5 50. g5+ Kg6 51. Kg4 h5+ 52. gxh6 Kxh6 53. Kh3 Be7 54. Ng5 Bxg5 55. hxg5+ Kxg5 56. Kg3 Rc2 57. Rd3 Rc3 58. Rd2 Nf5+ 59. Kh2 b3 60. Rd5 Kf4 61. Rb5 Nd4 62. Rxa5 Rc2 63. Kg1 b2 64. Rb5 Nxb5 65. axb5 e4 66. b6 e3 67. b7 exf2+ 68. Kh2 f1=R+ 69. Kh3 Rh1# 0-1


[Site "https://www.chess.com"]

[Event "Titled Tuesday Blitz July 26 Late 2022"]
[White "Aravindh, Chithambaram VR."]
[Black "Makarian, Rudik"]
[WhiteFideId "5072786"]
[BlackFideId "44105681"]
[WhiteElo "2577"]
[BlackElo "2403"]
[Result "1-0"]
[Round "07"]
[TimeControl "180+1"]
[Date "2022.07.26"]
[WhiteClock "0:01:27"]
[BlackClock "0:00:28"]

1. b3 d5 2. Bb2 Bg4 3. Nf3 Bxf3 4. exf3 e6 5. f4 Nf6 6. Nc3 g6 7. Nxd5 exd5 8. Qe2+ Kd7 9. g3 Qe7 10. Bh3+ Kd8 11. Bxf6 Qxf6 12. O-O c6 13. c4 d4 14. Rfe1 Bd6 15. b4 Bxb4 16. Rab1 a5 17. a3 Na6 18. axb4 Nxb4 19. Qg4 Qd6 20. c5 Qd5 21. Re5 f5 22. Qg5+ Kc8 23. Rxd5 Nxd5 24. Bg2 Nc7 25. Qf6 Rd8 26. Rxb7 Kxb7 27. Qxc6+ Kc8 28. Qb7+ Kd7 29. Bc6+ Ke6 30. Qxc7 Rac8 31. Bd7+ 1-0


[Site "https://www.chess.com"]

[Event "Titled Tuesday Blitz July 26 Late 2022"]
[White "Bartholomew, John"]
[Black "Fiedorek, Michal"]
[WhiteFideId "2019353"]
[BlackFideId "1199528"]
[WhiteElo "2761"]
[BlackElo "1833"]
[Result "1-0"]
[Round "07"]
[TimeControl "180+1"]
[Date "2022.07.26"]
[WhiteClock "0:00:59"]
[BlackClock "0:00:26"]

1. d4 Nf6 2. c4 e6 3. Nf3 d5 4. Bg5 Be7 5. Nc3 O-O 6. e3 h6 7. Bh4 Nbd7 8. cxd5 Nxd5 9. Bg3 Nxc3 10. bxc3 c5 11. Bd3 cxd4 12. cxd4 Bb4+ 13. Nd2 Qa5 14. Ke2 Nf6 15. Nc4 Qh5+ 16. Kf1 Qd5 17. Qb3 Be7 18. Ne5 Qa5 19. Ke2 Nd5 20. Rhc1 Ba3 21. Rc4 b5 22. Rc2 Ba6 23. Nc6 Qb6 24. Qxa3 Rac8 25. Rac1 b4 26. Qxa6 1-0


[Site "https://www.chess.com"]

[Event "Titled Tuesday Blitz July 26 Late 2022"]
[White "Bortnyk, Olexandr"]
[Black "Fishbein, Alexander"]
[WhiteFideId "14120828"]
[BlackFideId "2000377"]
[WhiteElo "2723"]
[BlackElo "2410"]
[Result "1-0"]
[Round "07"]
[TimeControl "180+1"]
[Date "2022.07.26"]
[WhiteClock "0:01:46"]
[BlackClock "0:00:02"]

1. d4 Nf6 2. Nc3 d5 3. Bf4 e6 4. Nb5 Na6 5. e3 Be7 6. Nf3 O-O 7. Ne5 Nd7 8. Nc3 Nxe5 9. Bxe5 Nb4 10. a3 Nc6 11. Bg3 Bd6 12. Bd3 g6 13. Ne2 e5 14. c3 Qe7 15. Qb3 Rd8 16. h4 h5 17. O-O-O e4 18. Bc2 Na5 19. Qa2 Nc4 20. Bxd6 Rxd6 21. Nf4 c6 22. Rdg1 Rf6 23. Bd1 Qd6 24. g3 b5 25. Be2 a5 26. Qb3 Rb8 27. Qc2 b4 28. cxb4 axb4 29. a4 Ba6 30. b3 Na3 31. Qc5 Qxc5+ 32. dxc5 Bxe2 33. Nxe2 Rxf2 34. Kd2 Rd8 35. Rf1 Rg2 36. Rhg1 Rh2 37. Rf6 d4 38. Rd6 dxe3+ 39. Kxe3 Re8 40. Rc1 Kg7 41. Rxc6 Rd8 42. Rd6 Rc8 43. c6 f5 44. c7 Kh6 45. Rd8 Rxc7 46. Rxc7 1-0


[Site "https://www.chess.com"]

[Event "Titled Tuesday Blitz July 26 Late 2022"]
[White "Carrasco Miranda, Andres"]
[Black "Baches Garcia, Guillermo"]
[WhiteFideId "3405990"]
[BlackFideId "2209764"]
[WhiteElo "2177"]
[BlackElo "2529"]
[Result "0-1"]
[Round "07"]
[TimeControl "180+1"]
[Date "2022.07.27"]
[WhiteClock "0:00:02"]
[BlackClock "0:00:09"]

1. d4 Nf6 2. c4 e6 3. g3 d5 4. Bg2 Be7 5. Nf3 O-O 6. O-O dxc4 7. Qc2 a6 8. a4 Bd7 9. Qxc4 Bc6 10. Bg5 Nbd7 11. a5 h6 12. Bxf6 Nxf6 13. Nc3 Bd5 14. Qd3 Bxf3 15. Bxf3 c6 16. e3 Bb4 17. Rfd1 Bxa5 18. e4 Bb6 19. e5 Nd5 20. Ne4 Bc7 21. Rd2 Qe7 22. Bd1 Nb4 23. Qb3 Rfd8 24. Nc5 b6 25. Ne4 a5 26. Bf3 Rac8 27. Rc1 Bb8 28. Kg2 Rd7 29. Nc3 Bxe5 30. Rcd1 Rcd8 31. Qa4 Bxd4 32. Bxc6 Rd6 33. Ne4 Rxc6 34. Rxd4 Rxd4 35. Rxd4 Qc7 36. Qd1 Nd5 37. Nc3 Nxc3 38. bxc3 Rxc3 39. h4 Qc6+ 40. Kh2 Qf3 41. Rd8+ Kh7 42. Qb1+ Qf5 43. Qb2 Rc2 44. Qxb6 Qxf2+ 45. Qxf2 Rxf2+ 46. Kh3 Rf5 47. Ra8 Rd5 48. h5 Rxh5+ 49. Kg4 Rd5 50. Kh4 Kg6 51. g4 h5 52. Rg8 hxg4 53. Kg3 a4 54. Kh4 Rd4 55. Ra8 Rb4 56. Ra5 f5 57. Ra6 Kf6 58. Ra8 Rb3 59. Rf8+ Ke5 60. Kg5 a3 61. Ra8 g3 62. Ra5+ Ke4 63. Ra4+ Kf3 64. Kh4 g2 0-1


[Site "https://www.chess.com"]

[Event "Titled Tuesday Blitz July 26 Late 2022"]
[White "Csonka, Balazs"]
[Black "Pakleza, Zbigniew"]
[WhiteFideId "742910"]
[BlackFideId "1119290"]
[WhiteElo "2404"]
[BlackElo "2467"]
[Result "0-1"]
[Round "07"]
[TimeControl "180+1"]
[Date "2022.07.26"]
[WhiteClock "0:00:04"]
[BlackClock "0:00:32"]

1. e4 d6 2. d4 Nf6 3. Nc3 c6 4. f4 Qb6 5. Nf3 Bg4 6. h3 Bxf3 7. Qxf3 e6 8. Ne2 d5 9. exd5 cxd5 10. c3 Nc6 11. Ng3 g6 12. Bd3 O-O-O 13. O-O Bd6 14. Kh1 h5 15. b4 Kb8 16. a4 Qc7 17. Ne2 Ne7 18. Bd2 Nf5 19. Rfc1 Qe7 20. a5 Rc8 21. a6 b6 22. b5 Qd7 23. Ra4 Be7 24. Ng3 Nd6 25. Nf1 Nfe4 26. Be1 f5 27. Ne3 Nxb5 28. c4 Nxd4 29. Qd1 Rhd8 30. Rb1 dxc4 31. Rxc4 Rxc4 32. Nxc4 Nc6 33. Rb3 Bc5 34. Qb1 Qd4 35. Bh4 Nf2+ 36. Bxf2 Qxf2 37. Nxb6 Bxb6 38. Rb2 Qd4 39. Bc4 Qd1+ 40. Qxd1 Rxd1+ 41. Kh2 Nd4 42. Kg3 Kc8 43. Kh4 Bd8+ 44. Kg3 h4+ 45. Kf2 Bb6 0-1


[Site "https://www.chess.com"]

[Event "Titled Tuesday Blitz July 26 Late 2022"]
[White "Drygalov, Andrey"]
[Black "Leiva, Gianmarco"]
[WhiteFideId "24171735"]
[BlackFideId "3804399"]
[WhiteElo "2531"]
[BlackElo "2323"]
[Result "0-1"]
[Round "07"]
[TimeControl "180+1"]
[Date "2022.07.26"]
[WhiteClock "0:00:03"]
[BlackClock "0:00:03"]

1. d4 Nf6 2. c4 e6 3. Nc3 Bb4 4. e3 O-O 5. Bd3 c6 6. a3 Ba5 7. c5 Bc7 8. b4 e5 9. Nge2 d5 10. cxd6 Qxd6 11. dxe5 Qxe5 12. e4 Rd8 13. Bf4 Qe7 14. Bxc7 Qxc7 15. f3 a5 16. bxa5 Na6 17. Qb1 Nc5 18. Bc2 Qxa5 19. O-O g6 20. Qb4 Rd2 21. Qxa5 Rxa5 22. Rfc1 Be6 23. Kf2 Bb3 24. Bb1 Bc4 25. Ke3 Nb3 26. Re1 Bxe2 27. Nxe2 Rxe2+ 28. Rxe2 Nxa1 29. Ra2 Nb3 30. Bc2 Nc5 31. e5 Nd5+ 32. Kd4 Nc7 33. Kc4 Nd7 34. f4 Nd5 35. g3 Ne3+ 36. Kd3 Nxc2 37. Kxc2 Nb6 38. Kb3 Rb5+ 39. Kc3 Nd5+ 40. Kc4 Ne3+ 41. Kd3 Nd5 42. Kc4 Kg7 43. Re2 Ra5 44. Ra2 b6 45. Kd4 Ra4+ 46. Kd3 c5 47. Rb2 Rxa3+ 48. Kc4 Nb4 49. Kb5 Ra2 50. Rb1 Rxh2 51. Kxb6 Nd3 52. Rd1 c4 53. Kb5 Rc2 54. Ra1 c3 55. Kc4 Nf2 56. Kb3 Re2 57. Kxc3 Re3+ 58. Kd4 Rxg3 59. Ra7 Ng4 60. e6 Rf3 61. Rxf7+ Kg8 62. Kd5 Nh6 63. Ra7 Rd3+ 64. Ke5 Re3+ 65. Kd6 Nf5+ 66. Kd5 Re1 67. Ra8+ Kg7 68. Ra7+ Kh6 69. Rf7 Re2 70. Rf8 Rd2+ 71. Ke5 Re2+ 72. Kf6 Kh5 73. Rf7 h6 74. Rf8 Kg4 75. Rg8 Kxf4 76. Rxg6 h5 77. Rg5 Rxe6+ 0-1


[Site "https://www.chess.com"]